[Event "Team 45 45 League T42"]
[Site "Internet Chess Club"]
[Date "2009.08.22"]
[Round "4"]
[White "mickeys"]
[Black "Fezzik"]
[Result "1/2-1/2"]
[WhiteElo "1899"]
[BlackElo "2024"]
[Opening "QGD Slav: 4.e3 Bf5"]
[ECO "D12"]
[Time "20:01:13"]
[TimeControl "2700+45"]

1. d4 d5 2. Nf3 Nf6 3. c4 c6 4. e3 Bf5 5. Bd3 Bxd3 6. Qxd3 e6 7. O-O Nbd7 8. Nc3
Bb4 9. Bd2 a5 10. a3 Be7 11. Rac1 O-O 12. c5 e5 13. Qb1 e4 {Game drawn by mutual
agreement} 1/2-1/2

[Event "Team 45 45 League T42"]
[Site "Internet Chess Club"]
[Date "2009.08.19"]
[Round "4"]
[White "AronT"]
[Black "froggoathorse"]
[Result "1-0"]
[WhiteElo "2001"]
[BlackElo "1710"]
[Opening "QGD: Orthodox defense, Botvinnik variation"]
[ECO "D60"]
[Time "20:30:21"]
[TimeControl "2700+45"]

1. d4 d5 2. c4 e6 3. Nc3 Nf6 4. Bg5 Be7 5. Nf3 O-O 6. e3 Nbd7 7. Bd3 h6 8. Bh4
c5 9. cxd5 Nxd5 10. Bxe7 Nxe7 11. O-O b6 12. Be4 Rb8 13. Qc2 Bb7 14. Rfd1 Qc7
15. Rac1 Rbc8 16. Nb5 Bxe4 17. Qxe4 Qc6 18. Qxc6 Nxc6 19. a3 a6 20. Nd6 Rc7 21.
dxc5 Nxc5 22. b4 Na4 23. Ne5 Nxe5 24. Rxc7 Rd8 25. Rc8 Rxc8 26. Nxc8 Nc4 27. Rc1
b5 28. Ne7+ Kf8 29. Nc6 Ke8 30. Nb8 Nxa3 31. Nxa6 Ke7 32. Rc7+ Kf6 33. Nc5 Nb2
34. Kf1 Nbc4 35. Ke2 Nb1 36. Kd3 Kg5 37. Ne4+ Kg6 38. Nc3 Nbd2 39. Nxb5 f5 40.
Rxc4 Nxc4 41. Kxc4 Kf6 42. Nc3 g5 43. b5 Ke5 44. Kc5 {Black resigns} 1-0

[Event "Team 45 45 League T42"]
[Site "Internet Chess Club"]
[Date "2009.08.22"]
[Round "4"]
[White "Chess2Play"]
[Black "Thersites"]
[Result "0-1"]
[WhiteElo "1675"]
[BlackElo "1698"]
[Opening "Benoni defense"]
[ECO "A60"]
[Time "21:03:10"]
[TimeControl "2700+45"]

1. d4 Nf6 2. c4 c5 3. d5 e6 4. dxe6 fxe6 5. Nf3 Be7 6. Nc3 a6 7. Bf4 d5 8. e3
O-O 9. Be2 b6 10. cxd5 exd5 11. O-O Bb7 12. Qc2 Bd6 13. Bxd6 Qxd6 14. Qf5 Nc6
15. Rfd1 Ne7 16. Qe5 Rad8 17. Qxd6 Rxd6 18. Rac1 Rfd8 19. b3 d4 20. exd4 cxd4
21. Bc4+ Kf8 22. Nb1 Nc6 23. Ng5 Re8 24. Ne6+ Rdxe6 25. Bxe6 Rxe6 26. Nd2 b5 27.
Nf3 Ke7 28. Nxd4 Nxd4 29. Rxd4 Nd5 30. Kf1 g6 31. Re1 Rxe1+ 32. Kxe1 Nc3 33. a4
Bxg2 34. axb5 Nxb5 35. Ra4 Bb7 36. Rb4 Kd6 37. Rh4 h5 38. Re4 Bxe4 {White
resigns} 0-1

[Event "Team 45 45 League T42"]
[Site "Internet Chess Club"]
[Date "2009.08.21"]
[Round "4"]
[White "Gwyddbwyll"]
[Black "dscvdchk"]
[Result "1-0"]
[WhiteElo "1748"]
[BlackElo "1603"]
[Opening "Petrov: Cochrane gambit"]
[ECO "C42"]
[Time "16:02:42"]
[TimeControl "2700+45"]

1. e4 e5 2. Nf3 Nf6 3. Nxe5 d6 4. Nxf7 Kxf7 5. d4 Be7 6. Nc3 c6 7. Bc4+ Be6 8.
Bxe6+ Kxe6 9. f4 Kf7 10. O-O Kg8 11. e5 Nd5 12. Nxd5 cxd5 13. Qf3 Nc6 14. Qxd5+
Kf8 15. c3 Qd7 16. f5 Ke8 17. f6 gxf6 18. exf6 Bf8 19. f7+ Kd8 20. Bg5+ Ne7 21.
Bf6 h5 22. Qa5+ Kc8 23. Bxh8 Qg4 24. Qb5 Ng6 25. Qe8+ Kc7 26. Qxa8 Nf4 27. Rxf4
Qxf4 28. Qxf8 {Black resigns} 1-0

[Event "Team 45 45 League T42"]
[Site "Internet Chess Club"]
[Date "2009.08.21"]
[Round "4"]
[White "avila"]
[Black "touchthis"]
[Result "1-0"]
[WhiteElo "1777"]
[BlackElo "1834"]
[Opening "French: advance, Paulsen attack"]
[ECO "C02"]
[Time "21:00:14"]
[TimeControl "2700+45"]

1. e4 e6 2. d4 d5 3. e5 c5 4. c3 Nc6 5. Nf3 Nh6 6. a3 Nf5 7. b4 cxd4 8. cxd4 Qb6
9. Bb2 Bd7 10. Be2 Be7 11. O-O O-O 12. g4 Nh6 13. h3 f6 14. Nbd2 fxe5 15. Nxe5
Nxe5 16. dxe5 Rf4 17. Nf3 Qd8 18. Bc1 Rf7 19. Nd4 Bh4 20. f4 g5 21. Kg2 gxf4 22.
Bxf4 Bg5 23. Qd2 Bxf4 24. Rxf4 Rxf4 25. Qxf4 Qf8 26. Qe3 Qg7 27. Rf1 Rf8 28.
Rxf8+ Qxf8 29. Qg5+ Kf7 30. Bd3 Qg7 31. Qd8 Bc6 32. Qc7+ Kg8 33. Qxg7+ Kxg7 34.
Nxe6+ Kf7 35. Ng5+ Kg7 36. Bxh7 Nf7 37. Nxf7 Kxh7 38. Kg3 Kg6 39. Nd8 Bb5 40.
Nxb7 d4 41. Kf4 d3 42. Ke3 Kg5 43. Nd6 Bc6 44. Kxd3 Kh4 45. Kd4 Kxh3 46. g5 Bd7
47. Kd5 Kg4 48. g6 {Black resigns} 1-0

[Event "Team 45 45 League T42"]
[Site "Internet Chess Club"]
[Date "2009.08.29"]
[Round "4"]
[White "chessateer"]
[Black "vkpanch"]
[Result "0-1"]
[WhiteElo "1801"]
[BlackElo "1698"]
[Opening "Sicilian: Nimzovich-Rossolimo attack (without ...d6)"]
[ECO "B30"]
[Time "11:00:23"]
[TimeControl "2700+45"]

1. e4 c5 2. Nf3 Nc6 3. Bb5 Nf6 4. Qe2 e6 5. e5 Nd5 6. Bxc6 bxc6 7. d3 Ba6 8. c4
Qa5+ 9. Bd2 Nb4 10. O-O Qb6 11. Be3 Bb7 12. Nc3 Be7 13. a3 Na6 14. b4 Qc7 15.
bxc5 Nxc5 16. d4 Na6 17. d5 cxd5 18. cxd5 Qxc3 19. dxe6 fxe6 20. Rfc1 Qa5 21.
Rab1 Bc6 22. Bd2 Qa4 23. Rc4 Qxa3 24. Nd4 Qa2 25. Rbc1 Ba3 26. Nxc6 Bxc1 27.
Qh5+ g6 28. Qh4 dxc6 29. Rxc6 Bxd2 30. Qf6 Qb1+ 31. Rc1 Qxc1# {White checkmated}
0-1

[Event "Team 45 45 League T42"]
[Site "Internet Chess Club"]
[Date "2009.08.27"]
[Round "4"]
[White "natethegreat"]
[Black "RandyPCC"]
[Result "1-0"]
[WhiteElo "1965"]
[BlackElo "1885"]
[Opening "Petrov: modern (Steinitz) attack"]
[ECO "C43"]
[Time "18:02:04"]
[TimeControl "2700+45"]

1. e4 e5 2. Nf3 Nf6 3. d4 d5 4. Nxe5 Nxe4 5. Bf4 Qf6 6. Bg3 Bd6 7. Qe2 O-O 8.
Nd2 Nxg3 9. hxg3 Re8 10. f4 Nc6 11. c3 Bf5 12. O-O-O Bxe5 13. fxe5 Qg5 14. Qf2
Re6 15. Qf4 Rg6 16. Be2 Ne7 17. Bf3 Qxg3 18. Qxg3 Rxg3 19. Nb3 b6 20. Rdf1 Bd3
21. Rf2 c6 22. Kd2 Be4 23. Bxe4 dxe4 24. Ke2 Nd5 25. Rh3 Rg4 26. g3 Re8 27. Rfh2
h6 28. Nd2 f6 29. c4 Nb4 30. exf6 Re6 31. fxg7 Kxg7 32. Rh4 Rxg3 33. Rxe4 Rgg6
34. a3 Nc2 35. Kd3 Rxe4 36. Nxe4 Ne1+ 37. Ke3 Nc2+ 38. Rxc2 {Black resigns} 1-0

[Event "Team 45 45 League T42"]
[Site "Internet Chess Club"]
[Date "2009.08.21"]
[Round "4"]
[White "ElmerHo"]
[Black "Caminator"]
[Result "0-1"]
[WhiteElo "1469"]
[BlackElo "1820"]
[Opening "French: Steinitz, Boleslavsky variation"]
[ECO "C11"]
[Time "20:18:20"]
[TimeControl "2700+45"]

1. e4 e6 2. d4 d5 3. Nc3 Nf6 4. e5 Nfd7 5. f4 c5 6. Nf3 Nc6 7. Be3 a6 8. Qd2 c4
9. a3 b5 10. Ne2 g6 11. b4 Bg7 12. Ng3 O-O 13. Be2 a5 14. O-O Bb7 15. c3 Qc7 16.
h4 axb4 17. axb4 Nb6 18. h5 Rxa1 19. Rxa1 Ne7 20. Ra5 Bc6 21. Qa2 Nec8 22. Nh4
Na4 23. hxg6 hxg6 24. Qd2 Ne7 25. Bd1 Qb6 26. Bc2 Bd7 27. Bxa4 bxa4 28. Qc2 Bb5
29. Nf3 Nc6 30. Rxa4 Bxa4 31. Qxa4 Qb7 32. Qc2 Ra8 33. Ng5 Ra1+ 34. Kh2 Qa7 35.
Nxe6 fxe6 36. Qxg6 Qf7 37. Qc2 Bh6 38. Qb2 Rd1 39. Qf2 Bf8 40. Qe2 Rd3 41. Bd2
Qh7+ 42. Nh5 Rxd2 43. Qxd2 Qxh5+ 44. Kg1 Qg6 45. Kf2 Qd3 46. Qxd3 cxd3 47. Ke3
Nxb4 48. cxb4 Bxb4 49. Kxd3 Kg7 50. g4 Kg6 51. Ke3 Ba3 52. Kf2 Bc1 53. Kf3 Bd2
54. f5+ exf5 55. gxf5+ Kxf5 56. Ke2 Bb4 57. Ke3 Kg4 58. Ke2 Kf4 59. Kd3 Kf3 60.
e6 Kf4 {White resigns} 0-1

[Event "Team 45 45 League T42"]
[Site "Internet Chess Club"]
[Date "2009.08.20"]
[Round "4"]
[White "Constrictor"]
[Black "HumanTornado"]
[Result "1-0"]
[WhiteElo "1874"]
[BlackElo "1869"]
[Opening "QGD semi-Slav"]
[ECO "D43"]
[Time "20:00:11"]
[TimeControl "2700+45"]

1. Nf3 Nf6 2. d4 d5 3. c4 c6 4. Nc3 e6 5. cxd5 exd5 6. Bg5 Nbd7 7. e3 h6 8. Bh4
Bd6 9. Be2 O-O 10. O-O Re8 11. a3 Nf8 12. b4 Ng6 13. Bg3 Bxg3 14. hxg3 a6 15. a4
Bf5 16. b5 Qe7 17. bxc6 bxc6 18. Nd2 Nf8 19. Bf3 N8h7 20. Qc1 Ng5 21. Nb3 Rab8
22. Nc5 a5 23. Qa3 Nxf3+ 24. gxf3 Nd7 25. Nxd7 Qxd7 26. Qc5 Bh3 27. Rfc1 Qf5 28.
Qxc6 Rec8 29. Qxd5 Rxc3 30. Qxf5 Rxc1+ 31. Rxc1 Bxf5 32. Rc5 Bd3 33. Rxa5 g6 34.
d5 Rb1+ 35. Kh2 Be2 36. g4 Bxf3 37. Kg3 Be2 38. e4 Rg1+ 39. Kf4 Rxg4+ 40. Ke3
Bf1 41. d6 Bh3 42. d7 Rxe4+ 43. Kxe4 Bxd7 44. Ra8+ Kg7 45. Kf4 g5+ 46. Kg3 h5
47. a5 h4+ 48. Kh2 g4 49. a6 Bc6 50. Rc8 Bf3 51. a7 Kh6 52. a8=Q Bxa8 53. Rxa8
Kg5 54. Ra5+ f5 55. Kg2 Kf4 56. Ra8 h3+ 57. Kh2 Kf3 58. Ra2 f4 59. Rb2 Ke4 60.
Rb3 {Black resigns} 1-0

[Event "Team 45 45 League T42"]
[Site "Internet Chess Club"]
[Date "2009.08.21"]
[Round "4"]
[White "BigW"]
[Black "Kingofknights"]
[Result "1-0"]
[WhiteElo "1919"]
[BlackElo "1679"]
[Opening "QGD Slav: Slav gambit"]
[ECO "D15"]
[Time "20:00:17"]
[TimeControl "2700+45"]

1. d4 d5 2. c4 c6 3. Nf3 Nf6 4. Nc3 dxc4 5. e4 b5 6. Qc2 e6 7. Bg5 Be7 8. Be2 h6
9. Bh4 Bb7 10. O-O a6 11. b3 b4 12. Na4 c3 13. Rfd1 Nbd7 14. a3 a5 15. Bc4 Nb6
16. Nc5 Nxc4 17. bxc4 Qb6 18. Na4 Qc7 19. Bg3 Qc8 20. Nb6 Qd8 21. Nxa8 Bxa8 22.
c5 Nh5 23. axb4 Nxg3 24. hxg3 axb4 25. Qa4 O-O 26. Qxb4 c2 27. Rd2 Qc7 28. Rxc2
Rb8 29. Qa3 Bd8 30. Qxa8 Rxa8 31. Rxa8 Kh7 32. Rca2 Qb7 33. Kh2 Bg5 34. R2a7 Qb2
35. Rxf7 Bc1 36. Raa7 Qc2 37. Rxg7+ Kh8 38. Rgc7 Qxe4 39. Rc8# {Black
checkmated} 1-0

[Event "Team 45 45 League T42"]
[Site "Internet Chess Club"]
[Date "2009.08.23"]
[Round "4"]
[White "Marichan"]
[Black "monsterpawn"]
[Result "1/2-1/2"]
[WhiteElo "1932"]
[BlackElo "1841"]
[Opening "Sicilian: Najdorf, 7...Be7"]
[ECO "B98"]
[Time "15:33:41"]
[TimeControl "2700+45"]

1. e4 c5 2. Nf3 d6 3. d4 cxd4 4. Nxd4 Nf6 5. Nc3 a6 6. Bg5 e6 7. f4 Be7 8. Qf3
Nbd7 9. Be2 Qc7 10. f5 e5 11. Nb3 b5 12. a3 Bb7 13. Be3 Nxe4 14. Nxe4 d5 15.
Nbd2 dxe4 16. Nxe4 O-O 17. Bd3 Nf6 18. Nxf6+ Bxf6 19. Be4 Bxe4 20. Qxe4 Rac8 21.
c3 Qc4 22. Qxc4 bxc4 23. O-O-O Rfd8 24. g4 h6 25. Rhe1 Rd3 26. Rxd3 cxd3 27. Kd2
e4 28. Bf4 Re8 29. b4 Bg5 30. Bxg5 hxg5 31. c4 Re5 32. c5 Kf8 33. Ke3 Ke7 34.
Rc1 Kd7 35. a4 Kc6 36. h3 f6 37. Kd2 Rd5 38. Ke3 Re5 {Game drawn by mutual
agreement} 1/2-1/2

[Event "Team 45 45 League T42"]
[Site "Internet Chess Club"]
[Date "2009.08.23"]
[Round "4"]
[White "Emrebey"]
[Black "DaveTheRook"]
[Result "0-1"]
[WhiteElo "1616"]
[BlackElo "1704"]
[Opening "Robatsch (modern) defense"]
[ECO "B06"]
[Time "15:03:28"]
[TimeControl "2700+45"]

1. e4 g6 2. d4 d6 3. f4 Bg7 4. c3 Nf6 5. e5 dxe5 6. fxe5 Nd5 7. Nf3 Bg4 8. h3
Bf5 9. Bc4 Nb6 10. Bd3 Bxd3 11. Qxd3 c5 12. Qb5+ Qd7 13. Qxc5 Nc6 14. Qb5 Nxe5
15. Qxd7+ Nexd7 16. Bf4 O-O 17. Kf2 Rac8 18. Nbd2 Nd5 19. Bh2 Rfe8 20. Rhe1 e6
21. Ne5 Nxe5 22. Bxe5 Bxe5 23. Rxe5 f6 24. Re4 Kf7 25. Nb3 e5 26. Rd1 exd4 27.
Rexd4 Nb6 28. Kf3 Nc4 29. Rd7+ Re7 30. Rxe7+ Kxe7 31. Re1+ Ne5+ 32. Ke4 Kf7 33.
Nd4 Re8 34. Kd5 Rd8+ 35. Ke4 Nc4 36. b3 Re8+ 37. Kd5 Nb6+ 38. Kd6 Rxe1 39. Kc7
Re7+ 40. Kb8 a6 41. c4 Rd7 42. Nc2 Rd2 43. Nb4 a5 44. Kxb7 axb4 45. Kxb6 Rxg2
46. c5 Ke7 47. Kb5 Rxa2 48. Kxb4 Kd7 49. Kb5 Kc7 50. b4 f5 51. Kc4 f4 52. b5 f3
53. c6 f2 54. Kc5 Rc2+ 55. Kb4 f1=Q 56. Ka5 Ra2+ 57. Kb4 Qb1+ 58. Kc5 Rc2+
{White resigns} 0-1

[Event "Team 45 45 League T42"]
[Site "Internet Chess Club"]
[Date "2009.08.24"]
[Round "4"]
[White "SlimeDog2"]
[Black "adh2050"]
[Result "0-1"]
[WhiteElo "2199"]
[BlackElo "2088"]
[Opening "Catalan: closed, 5.Nf3"]
[ECO "E06"]
[Time "21:03:03"]
[TimeControl "2700+45"]

1. d4 Nf6 2. c4 e6 3. g3 d5 4. Nf3 Be7 5. Bg2 O-O 6. O-O dxc4 7. Qa4 a6 8. Qxc4
b5 9. Qc2 Bb7 10. Bd2 Be4 11. Qc1 Nbd7 12. Ba5 Rc8 13. Nc3 Bb7 14. a4 b4 15. Na2
Qe8 16. Bxb4 Bxb4 17. Nxb4 c5 18. dxc5 Nxc5 19. Qd1 e5 20. Nd3 e4 21. Nxc5 exf3
22. exf3 Rxc5 23. Qb3 Bd5 24. Qa3 Qc6 25. Rfd1 Rb8 26. Rd3 Rc1+ 27. Rxc1 Qxc1+
28. Bf1 Qxb2 29. Qd6 Qb7 30. Rc3 a5 31. Rc7 Qb4 32. Rc5 Bxf3 33. Qc7 Ra8 34. Rb5
Qxa4 {White resigns} 0-1

[Event "Team 45 45 League T42"]
[Site "Internet Chess Club"]
[Date "2009.08.25"]
[Round "4"]
[White "Gregorio"]
[Black "Despair"]
[Result "1-0"]
[WhiteElo "2026"]
[BlackElo "1900"]
[Opening "English opening"]
[ECO "A10"]
[Time "22:03:49"]
[TimeControl "2700+45"]

1. c4 b6 2. Nc3 Bb7 3. e3 g6 4. b4 Bg7 5. Bb2 Nf6 6. Nf3 d6 7. g3 Nbd7 8. Bg2
O-O 9. O-O c5 10. a3 Ba6 11. d3 Bb7 12. Re1 Re8 13. Qa4 cxb4 14. axb4 a6 15. Qb3
Rb8 16. d4 Qc7 17. Rec1 Rbc8 18. Ne2 e6 19. Nf4 Bxf3 20. Bxf3 Qa7 21. Nd3 Nb8
22. c5 bxc5 23. dxc5 d5 24. b5 e5 25. Bxe5 Qe7 26. Bd6 Qb7 27. b6 Ne4 28. Bxe4
dxe4 29. Nb2 Nd7 30. Ra4 Bxb2 31. Qxb2 Rc6 32. Qa3 Rec8 {Black resigns} 1-0

[Event "Team 45 45 League T42"]
[Site "Internet Chess Club"]
[Date "2009.08.22"]
[Round "4"]
[White "matein7"]
[Black "GabGag"]
[Result "0-1"]
[WhiteElo "1865"]
[BlackElo "1990"]
[Opening "King's Indian: Torre attack"]
[ECO "A48"]
[Time "08:00:10"]
[TimeControl "2700+45"]

1. d4 Nf6 2. Nf3 g6 3. Bg5 Bg7 4. Nbd2 d6 5. e4 h6 6. Bf4 Nc6 7. c3 Nh5 8. Be3
e5 9. Be2 Qe7 10. O-O O-O 11. dxe5 dxe5 12. Re1 Be6 13. b4 Nf4 14. Bc5 Qd8 15.
Bxf8 Qxf8 16. Bc4 Qe7 17. Qa4 g5 18. b5 Nd8 19. g3 Bxc4 20. Qxc4 Nfe6 21. Nf1
Nc5 22. Ne3 Nde6 23. Nd5 Qd8 24. Rad1 c6 25. bxc6 bxc6 26. Ne3 Qc7 27. Nf5 Bf8
28. Rd2 Kh7 29. Red1 Kg6 30. g4 h5 31. h3 Rb8 32. Kh2 f6 33. Ne1 hxg4 34. hxg4
Qh7+ 35. Kg1 Nf4 36. Nd6 Bxd6 37. Rxd6 Rh8 38. Rxf6+ Kxf6 39. Rd6+ Nce6 40.
Rxe6+ Nxe6 41. Kf1 Qh3+ 42. Ke2 Qxg4+ 43. Kd2 Rd8+ {White resigns} 0-1

[Event "Team 45 45 League T42"]
[Site "Internet Chess Club"]
[Date "2009.08.22"]
[Round "4"]
[White "Matusalen"]
[Black "fishhead"]
[Result "1/2-1/2"]
[WhiteElo "1996"]
[BlackElo "1944"]
[Opening "Réti opening"]
[ECO "A04"]
[Time "22:02:34"]
[TimeControl "2700+45"]

1. Nf3 b6 2. g3 Bb7 3. Bg2 e5 4. d3 Nf6 5. O-O d6 6. e4 g6 7. Qe2 Bg7 8. c3 Nc6
9. Nbd2 O-O 10. Nc4 b5 11. Ne3 a6 12. a4 Na7 13. axb5 axb5 14. Rd1 c5 15. b4 Qc7
16. Bb2 Rfe8 17. Nd2 Nc6 18. bxc5 dxc5 19. Nb3 Qd6 20. c4 b4 21. Qc2 Nd4 22.
Bxd4 exd4 23. Nd5 Nd7 24. f4 f5 25. e5 Qb8 26. Na5 Ra7 27. Nxb7 Rxb7 28. Qb3 Ra7
29. Ra4 Nb6 30. Nxb6 Qxb6 31. Rda1 Ree7 32. Bd5+ Kf8 33. Kg2 Rec7 34. Kf3 Ke7
35. Ke2 Bf8 36. h4 h5 37. Kd2 Kd7 38. Kc2 Be7 39. Qb1 Bd8 40. Kb3 Ke7 41. R1a2
Rxa4 42. Rxa4 Ra7 43. Qa2 Rxa4 44. Qxa4 Qa5 45. Bf3 Qxa4+ 46. Kxa4 Kd7 47. Bd5
Ke7 48. Bc6 Bc7 49. Kb3 Bd8 {Game drawn by mutual agreement} 1/2-1/2

[Event "Team 45 45 League T42"]
[Site "Internet Chess Club"]
[Date "2009.08.23"]
[Round "4"]
[White "poni"]
[Black "Stryker672"]
[Result "1/2-1/2"]
[WhiteElo "1966"]
[BlackElo "1875"]
[Opening "QGD: 4.Nf3"]
[ECO "D37"]
[Time "12:00:51"]
[TimeControl "2700+45"]

1. Nf3 Nf6 2. c4 e6 3. Nc3 d5 4. d4 Nbd7 5. e3 Be7 6. Bd3 O-O 7. O-O b6 8. e4
dxe4 9. Nxe4 Bb7 10. Nxf6+ Nxf6 11. Be3 Rc8 12. Ne5 c5 13. dxc5 Bxc5 14. Bxc5
Rxc5 15. Nf3 Be4 16. Bxe4 Nxe4 17. Qe2 Nf6 18. Rfd1 Qc7 19. b3 Rc8 20. Rd2 h6
21. Rad1 a6 22. h3 b5 23. cxb5 axb5 24. Nd4 b4 25. Nb5 Qb6 26. Nd6 Rb8 27. Nc4
Qc7 28. Qf3 {Game drawn by mutual agreement} 1/2-1/2

[Event "Team 45 45 League T42"]
[Site "Internet Chess Club"]
[Date "2009.08.31"]
[Round "4"]
[White "spunni"]
[Black "koni"]
[Result "1-0"]
[WhiteElo "1946"]
[BlackElo "2011"]
[Opening "Pirc defense"]
[ECO "B07"]
[Time "14:01:40"]
[TimeControl "2700+45"]

1. e4 d6 2. d4 Nf6 3. Nc3 e5 4. Nge2 Be7 5. f3 c6 6. Be3 b5 7. Qd2 O-O 8. g4 a5
9. Ng3 a4 10. a3 Qa5 11. g5 Ne8 12. Nf5 Bxf5 13. exf5 b4 14. axb4 Qxb4 15. f6
gxf6 16. gxf6 Bxf6 17. Bh6 Bg7 18. Rg1 Kh8 19. Bxg7+ Nxg7 20. Rxg7 Kxg7 21. Qg5+
Kh8 22. Qf6+ Kg8 23. Bd3 Qxd4 24. Ke2 d5 25. Qg5+ Kh8 26. Qh6 {Black resigns}
1-0

[Event "Team 45 45 League T42"]
[Site "Internet Chess Club"]
[Date "2009.08.23"]
[Round "4"]
[White "frothyjowels"]
[Black "easycure"]
[Result "0-1"]
[WhiteElo "2354"]
[BlackElo "2380"]
[Opening "English opening"]
[ECO "A16"]
[Time "13:00:18"]
[TimeControl "2700+45"]

1. c4 Nf6 2. Nc3 g6 3. Nf3 Bg7 4. g3 O-O 5. Bg2 c5 6. d4 cxd4 7. Nxd4 Nc6 8. O-O
Nxd4 9. Qxd4 d6 10. Qh4 Be6 11. Bxb7 Rb8 12. Bd5 Nxd5 13. cxd5 Bd7 14. e4 Bf6
15. Qf4 Qa5 16. Qe3 Rfc8 17. Rd1 Bg4 18. Rd3 Bd7 19. a4 Rb3 20. Bd2 Rxb2 21. Nb5
Rxd2 {White resigns} 0-1

[Event "Team 45 45 League T42"]
[Site "Internet Chess Club"]
[Date "2009.08.19"]
[Round "4"]
[White "jorobo"]
[Black "eurander"]
[Result "1-0"]
[WhiteElo "2182"]
[BlackElo "2192"]
[Opening "QGD Slav: exchange variation, 6.Bf4 Bf5"]
[ECO "D14"]
[Time "18:02:51"]
[TimeControl "2700+45"]

1. c4 c6 2. Nc3 d5 3. cxd5 cxd5 4. d4 Nf6 5. Nf3 Nc6 6. Bf4 Bf5 7. e3 e6 8. Bb5
Nd7 9. O-O Be7 10. Qa4 Qb6 11. Rfc1 O-O 12. a3 Rfc8 13. Qd1 a6 14. Bxc6 Rxc6 15.
Na4 Qb5 16. Rxc6 bxc6 17. b4 a5 18. Nc5 Nf6 19. Nh4 Bg4 20. f3 Bh5 21. g4 Bg6
22. Bc7 Bxc5 23. Nxg6 axb4 24. Ne5 Qb7 25. dxc5 Qxc7 26. axb4 Rb8 27. Qd4 Nd7
28. Nxd7 Qxd7 29. Ra6 Qb7 30. Rb6 Qa7 31. Rxc6 Qa3 32. Rb6 Ra8 33. Kg2 Qc1 34.
Qd3 g6 35. Kh3 Qg1 36. Qe2 Qa1 37. c6 Ra2 38. Qxa2 Qxa2 39. c7 Qf2 40. c8=Q+ Kg7
41. Qc3+ Kh6 42. Qe5 Qf1+ 43. Kh4 f6 44. g5+ {Black resigns} 1-0

[Event "Team 45 45 League T42"]
[Site "Internet Chess Club"]
[Date "2009.08.24"]
[Round "4"]
[White "gorgon"]
[Black "Ser-Enigma"]
[Result "1/2-1/2"]
[WhiteElo "2050"]
[BlackElo "2147"]
[Opening "English opening"]
[ECO "A20"]
[Time "15:11:58"]
[TimeControl "2700+45"]

1. c4 e5 2. g3 Nf6 3. Bg2 d5 4. cxd5 Nxd5 5. Nf3 Nc6 6. O-O e4 7. Ne1 Bf5 8. d3
Nf6 9. Qa4 Qd4 10. Qb5 Qc5 11. Nc3 Qxb5 12. Nxb5 O-O-O 13. dxe4 Bxe4 14. Bh3+
Kb8 15. Bf4 Nd5 16. Rd1 Nxf4 17. Rxd8+ Nxd8 18. gxf4 {Game drawn by mutual
agreement} 1/2-1/2

[Event "Team 45 45 League T42"]
[Site "Internet Chess Club"]
[Date "2009.08.24"]
[Round "4"]
[White "TerryMalloy"]
[Black "QueensCounselor"]
[Result "1/2-1/2"]
[WhiteElo "1980"]
[BlackElo "2060"]
[Opening "Grünfeld defense"]
[ECO "D80"]
[Time "15:11:22"]
[TimeControl "2700+45"]

1. d4 Nf6 2. c4 g6 3. Nc3 d5 4. e3 Bg7 5. Qb3 c6 6. cxd5 cxd5 7. Nge2 O-O 8. Nf4
e6 9. Bd3 b6 10. O-O Nc6 11. Bd2 Bb7 12. Rfc1 Rc8 13. Rc2 Qe7 14. Rac1 Nb4 15.
Nb5 Nxc2 16. Bxc2 a5 17. Na7 Ra8 18. Qxb6 Rfb8 19. b3 Ba6 20. Nc6 Rxb6 21. Nxe7+
Kh8 22. Bd3 Bxd3 23. Nxd3 Bf8 24. Nc6 Rb5 25. Nce5 Kg7 26. f3 Bd6 27. Rc6 Bxe5
28. Nxe5 Rb7 29. Kf2 Ne8 30. Ke2 Rc7 31. Rc5 f6 32. Nc6 Rac8 33. Nxa5 Rxc5 34.
dxc5 Rxc5 35. Kd3 Nd6 36. Bb4 Rb5 37. Bxd6 Rxa5 38. a4 e5 39. Kc3 Kf7 40. Kb4
Ra8 41. Bc7 Ke6 42. Bb6 Kd6 43. Kb5 f5 44. a5 g5 45. a6 f4 46. b4 fxe3 47. Bxe3
g4 {Game drawn by mutual agreement} 1/2-1/2

[Event "Team 45 45 League T42"]
[Site "Internet Chess Club"]
[Date "2009.08.24"]
[Round "4"]
[White "chesskilleruk"]
[Black "Uwak"]
[Result "0-1"]
[WhiteElo "2233"]
[BlackElo "2415"]
[Opening "French: Tarrasch, closed variation"]
[ECO "C05"]
[Time "21:00:34"]
[TimeControl "2700+45"]

1. e4 e6 2. d4 d5 3. Nd2 Nf6 4. e5 Nfd7 5. f4 c5 6. c3 Nc6 7. Ne2 Qb6 8. Nf3 f6
9. g3 cxd4 10. cxd4 fxe5 11. fxe5 Bb4+ 12. Nc3 O-O 13. a3 Rxf3 14. Qxf3 Nxd4 15.
Qf2 Bc5 16. b4 Nxe5 17. Kd1 Bd7 18. Rb1 Nb5 19. Qc2 Nxc3+ 20. Qxc3 Ba4+ {White
resigns} 0-1

[Event "Team 45 45 League T42"]
[Site "Internet Chess Club"]
[Date "2009.08.22"]
[Round "4"]
[White "Kolibri"]
[Black "Folgers"]
[Result "1-0"]
[WhiteElo "2101"]
[BlackElo "2005"]
[Opening "KP: Nimzovich defense"]
[ECO "B00"]
[Time "15:00:51"]
[TimeControl "2700+45"]

1. e4 Nc6 2. d4 e5 3. dxe5 Nxe5 4. Nf3 Qf6 5. Nxe5 Qxe5 6. Bd3 Bb4+ 7. c3 Bc5 8.
Nd2 d5 9. O-O Ne7 10. Nf3 Qh5 11. exd5 Nxd5 12. Qa4+ c6 13. Qe4+ Be6 14. Ng5 Nf6
15. Nxe6 fxe6 16. Qxe6+ Kd8 17. Be2 Qe8 18. Rd1+ Kc7 19. Bf4+ Kb6 20. Qb3+ Ka5
21. Bc7+ b6 22. Qc4 Qc8 23. b4+ {Black resigns} 1-0

[Event "Team 45 45 League T42"]
[Site "Internet Chess Club"]
[Date "2009.08.24"]
[Round "4"]
[White "Zornorph"]
[Black "fledermaus"]
[Result "1/2-1/2"]
[WhiteElo "2095"]
[BlackElo "2024"]
[Opening "English: Kurajica defense"]
[ECO "A13"]
[Time "15:10:27"]
[TimeControl "2700+45"]

1. c4 e6 2. Nf3 d5 3. g3 c6 4. Bg2 Nd7 5. b3 Bd6 6. Bb2 e5 7. cxd5 cxd5 8. O-O
Ne7 9. d3 O-O 10. Nc3 f6 11. Rc1 a6 12. Nd2 Nb6 13. a4 Be6 14. d4 e4 15. Ndb1
Nc6 16. Ba3 Nc8 17. Na2 Qb6 18. Bc5 Qd8 19. Qd2 Qd7 20. Rc3 Bh3 21. Rfc1 Bxg2
22. Kxg2 Bxc5 23. Rxc5 N8e7 24. b4 b6 25. R5c2 Rfc8 {Game drawn by mutual
agreement} 1/2-1/2

[Event "Team 45 45 League T42"]
[Site "Internet Chess Club"]
[Date "2009.08.20"]
[Round "4"]
[White "Holzschlange"]
[Black "poni"]
[Result "1-0"]
[WhiteElo "1914"]
[BlackElo "1955"]
[Opening "Réti opening"]
[ECO "A04"]
[Time "14:01:09"]
[TimeControl "2700+45"]

1. Nf3 d6 2. g3 e5 3. c4 f5 4. d3 Nf6 5. Nc3 Be7 6. Bg2 O-O 7. Qc2 Nc6 8. a3 a5
9. Bg5 Be6 10. Bxf6 Bxf6 11. e3 Qd7 12. Nd2 Bg5 13. h4 Bh6 14. f4 exf4 15. gxf4
Rfe8 16. O-O-O Bf7 17. Rde1 Ne7 18. Nf3 c6 19. Ng5 Bh5 20. e4 b5 21. cxb5 cxb5
22. exf5 Rac8 23. Kb1 Qxf5 24. Bh3 Bg4 25. Bxg4 Qxg4 26. Qb3+ d5 27. Nxd5 Bxg5
28. Nxe7+ Kh8 29. Ng6+ {Black resigns} 1-0

[Event "Team 45 45 League T42"]
[Site "Internet Chess Club"]
[Date "2009.08.21"]
[Round "4"]
[White "DTK"]
[Black "Thenazgul"]
[Result "1/2-1/2"]
[WhiteElo "2183"]
[BlackElo "2154"]
[Opening "KP: Nimzovich defense"]
[ECO "B00"]
[Time "13:00:47"]
[TimeControl "2700+45"]

1. e4 Nc6 2. Nf3 d6 3. d4 Nf6 4. Nc3 Bg4 5. Be3 d5 6. h3 Bh5 7. e5 Ne4 8. Ne2 e6
9. c3 Be7 10. Nf4 Bg6 11. Bd3 Ng5 12. Nxg6 hxg6 13. Nd2 Qd7 14. Qc2 O-O-O 15.
O-O-O Nh7 16. h4 Nf8 17. Nf3 Qe8 18. Ng5 Nd7 19. g4 Kb8 20. f4 Nb6 21. f5 gxf5
22. gxf5 exf5 23. Bxf5 Nc4 24. Bf4 a6 25. Rde1 Qf8 26. e6 Bxg5 27. Bxg5 f6 28.
Bf4 Ne7 29. Bd3 Qe8 30. Qb3 Qc6 31. h5 Rdg8 32. Qb4 Nd6 33. Bg6 Nxg6 34. Bxd6
Qxd6 35. Qxd6 cxd6 36. hxg6 Rxh1 37. Rxh1 Kc7 38. Kd2 Kd8 39. Ke3 Ke7 40. Kf4
Kxe6 41. Re1+ Kd7 42. Rh1 Ke6 43. Re1+ {Game drawn by mutual agreement} 1/2-1/2